 Dungeon Crawl Stone Soup version 0.27-a0-1006-g1fd4cec11e (webtiles) character file.

Game seed: 16782618290320955175

294 siradein the Slasher (level 6, -7/47 HPs)
             Began as a Demonspawn Fighter on Apr 18, 2021.
             Mangled by Pikel
             ... wielding a +1 whip of electrocution
              (10 damage)
             ... on level 4 of the Dungeon.
             The game lasted 00:06:08 (4342 turns).

siradein the Slasher (Demonspawn Fighter)           Turns: 4342, Time: 00:06:08

Health: -7/47      AC:  6    Str: 18    XL:     6   Next: 11%
Magic:  6/6        EV:  7    Int:  9    God:
Gold:   63         SH:  9    Dex: 13    Spells: 5/5 levels left

rFire    . . .     SeeInvis .   a - +0 long sword
rCold    . . .     Faith    .   c - +0 kite shield
rNeg     . . .     Spirit   .   b - +0 scale mail
rPois    .         Reflect  .   (no helmet)
rElec    .         Harm     .   (no cloak)
rCorr    .         Rampage  .   (no gloves)
Will     .....                  (no boots)
Stlth    ..........             (no amulet)
HPRegen  0.15/turn              (no ring)
MPRegen  0.10/turn              (no ring)

@: no status effects
A: hooves 2
a: no special abilities


You were on level 4 of the Dungeon.
You visited 1 branch of the dungeon, and saw 4 of its levels.

You collected 63 gold pieces.

Inventory:

Hand Weapons
 a - a +0 long sword (weapon)
Missiles
 o - 5 boomerangs (quivered)
 q - 33 poisoned darts
Armour
 b - a +0 scale mail (worn)
 c - a +0 kite shield (worn)
Wands
 u - a wand of flame (29)
 x - a wand of acid (10)
 y - a wand of digging (5)
Scrolls
 g - a scroll of silence {unknown}
 k - 3 scrolls of enchant armour
 r - a scroll of magic mapping {unknown}
 s - a scroll of blinking {unknown}
 t - a scroll of acquirement {unknown}
 w - a scroll of vulnerability {unknown}
Potions
 d - a potion of might
 e - a potion of mutation {unknown}
 h - 2 potions of attraction
 i - a potion of haste
 j - 2 potions of brilliance {unknown}
 n - a potion of flight {unknown}
 p - 3 potions of heal wounds {unknown}
 v - a potion of degeneration {unknown}


   Skills:
 - Level 3.1 Fighting
 + Level 5.9 Long Blades
 - Level 2.6 Armour
 - Level 2.6 Shields


You had 5 spell levels left.
You didn't know any spells.
Your spell library was empty.

Dungeon Overview and Level Annotations

Branches:
Dungeon (4/15)
 Temple: D:4-7

Altars:
Makhleb
Yredelemnul
Zin

Annotations:
D:3 3 runed translucent doors, crescentfresh's ghost, novice HuWn
D:4 Blork the orc; Pikel


Innate Abilities, Weirdness & Mutations

You have hoof-like feet.


Message History

Blork the orc comes into view.
He is wielding a +0 war axe.
Your shield and scale mail prevent you from hitting Pikel.
You kick Pikel, but do no damage.
Pikel is lightly wounded.
You block Pikel's attack.
Pikel hits you with a +1 whip of electrocution.
You are electrocuted!!
* * * LOW HITPOINT WARNING * * *
You barely miss Pikel.
Pikel is lightly wounded.
Pikel says, "Asmodeus and me are pals.
He gave me this whip."
Pikel barely misses you.
Hit: a) +0 long sword
Press: ? - help, Dir - move target, f - Pikel
Aim: Pikel, wielding a +1 whip of electrocution and wearing a +0 robe (lightly wounded, about 49% to evade your +0 long sword)
Okay, then.
As you read the scroll of fear, it crumbles to dust.
You assume a fearsome visage.
Pikel looks frightened!
The lemure is unaffected.
Found 7 gold pieces.
Pikel seems to regain his courage.
Pikel waves his whip at you.
You hit Pikel.
Pikel is moderately wounded.
The lemure hits you but does no damage. You block the lemure's attack.
Pikel hits you but does no damage.
Unknown command.
You hit Pikel but do no damage.
Pikel is moderately wounded.
You block the lemure's attack. The lemure closely misses you.
You block Pikel's attack. You block Blork the orc's attack.
The lemure barely misses you.
You hit Pikel but do no damage. You kick Pikel, but do no damage.
Pikel is moderately wounded.
The lemure hits you but does no damage. You block Pikel's attack.
Blork the orc barely misses you. The lemure closely misses you.
You block the lemure's attack.
Pikel hits you with a +1 whip of electrocution.
* * * LOW HITPOINT WARNING * * *
You are electrocuted!
You die...

#o#.....#.# .#?#. #.#.$
..#.# ###.. #.## ###.#
.... #.. ... #...
#.####.## ##..#
#.......###..
####...###5###........
.........o5##....####$ #
###..(K@55>.....#
#...######.######....#.#
.......<.?.# ##.#.# #
#...#####..# ....# #
#..# #.... #..# #.####
#..# .# ...# ..##


You could see Pikel, Blork the orc and 4 lemures.

Vanquished Creatures
  A centaur skeleton (D:4)
  Jessica (D:3)
  Ijyb (D:3)
  Natasha (thrice) (D:3)
  4 gnolls (D:2)
  3 adders
  A worm (D:1)
  2 dart slugs
  4 orcs (D:3)
  3 endoplasms
  2 giant cockroaches (D:1)
  7 goblins
  5 hobgoblins
  6 jackals (D:3)
  4 quokkas (D:1)
  4 ball pythons
  7 bats
  8 frilled lizards
  6 kobolds
  2 rats
74 creatures vanquished.

Notes
Turn   | Place    | Note
-------+----------+-------------------------------------------
     0 | D:1      | siradein the Demonspawn Fighter began the quest for the
                  | Orb.
     0 | D:1      | Reached XP level 1. HP: 18/18 MP: 1/1
   210 | D:1      | Reached skill level 2 in Long Blades
   327 | D:1      | Gained mutation: You have large cloven feet. [demonic
                  | ancestry]
   327 | D:1      | Reached XP level 2. HP: 18/24 MP: 2/2
   725 | D:1      | Reached skill level 3 in Long Blades
  1127 | D:1      | Gained mutation: You have hoof-like feet. [demonic
                  | ancestry]
  1127 | D:1      | Reached XP level 3. HP: 29/29 MP: 3/3
  1926 | D:2      | Reached skill level 4 in Long Blades
  1926 | D:2      | Reached XP level 4. HP: 32/35 MP: 4/4
  2429 | D:3      | Found a runed translucent gate.
  2429 | D:3      | Found a runed translucent gate.
  2431 | D:3      | Found a runed translucent gate.
  2431 | D:3      | Noticed a yak
  2432 | D:3      | Noticed crescentfresh's ghost (novice HuWn)
  2621 | D:3      | Noticed Jessica
  2621 | D:3      | Noticed Natasha
  2635 | D:3      | Killed Jessica
  2636 | D:3      | Reached XP level 5. HP: 25/41 MP: 5/5
  2641 | D:3      | Killed Natasha
  2642 | D:3      | Reached skill level 5 in Long Blades
  3147 | D:3      | Noticed Natasha
  3157 | D:3      | Killed Natasha
  3481 | D:3      | Noticed Natasha
  3626 | D:3      | Killed Natasha
  3986 | D:3      | Noticed Ijyb
  4006 | D:3      | Killed Ijyb
  4107 | D:3      | Found a faded altar of an unknown god.
  4145 | D:3      | Found a burning altar of Makhleb.
  4145 | D:3      | Found a basalt altar of Yredelemnul.
  4156 | D:3      | Reached XP level 6. HP: 38/47 MP: 6/6
  4323 | D:4      | Noticed Pikel
  4329 | D:4      | Noticed Blork the orc
  4342 | D:4      | Mangled by Pikel

Illustrated notes

Levels and vault maps discovered:
D:1:      dpeg_arrival_fog, layout_loops_corners, minmay_pentomino_x4
D:2:      layout_rooms
D:3:      layout_basic, gammafunk_temple_overflow_pools,
          serial_co_window_serial, co_window_paths_b, co_window_paths_b,
          co_window_paths_a, co_window_of_opportunity_a, co_window_corner_a,
          co_window_broadway_b, co_window_unsneaky_path_a,
          co_window_unsneaky_path_b, co_window_broadway_b,
          gammafunk_ghost_split, shapermc_ecumenical_altar_mp_vishouse,
          moated_statue, uniq_jessica, uniq_ijyb, uniq_natasha
D:4:      layout_loops_ring, marbit_many_paths, amcnicky_altar_gilded,
          portal_sewer_entry_b, serial_shops, shop, item_on_display_a,
          uniq_menkaure, uniq_blork_the_orc, uniq_pikel, uniq_edmund

Skill      XL: |  1  2  3  4  5 |
---------------+----------------+-----
Long Blades    | 2 3 4 5 |  5.9
Fighting       | |  3.1
Armour         | |  2.6
Shields        | |  2.6

Action                   |  1- 3 |  4- 6 || total
-------------------------+-------+-------++-------
Melee: Long sword        |   137 |   121 ||   258
       Kick              |    17 |    28 ||    45
Throw: Boomerang         |       |     6 ||     6
  Use: Scroll            |       |     5 ||     5
Armor: Scale mail        |    81 |    42 ||   123
       Skin              |       |    20 ||    20
Dodge: Dodged            |    42 |    34 ||    76
Block: Kite shield       |    76 |    89 ||   165
       Rpst.: Long sword |     8 |     9 ||    17

Table legend: (Time is in decaauts)
 A = Elapsed time spent in this place.
 B = Non-inter-level travel time spent in this place.
 C = Inter-level travel time spent in this place.
 D = Time resting spent in this place.
 E = Time spent auto-exploring this place.
 F = Levels seen in this place.
 G = Mean time per level.
                   A        B        C        D        E       F      G
               +--------+--------+--------+--------+--------+-----+--------+
         Total |   4470 |   4401 |     69 |    542 |   3069 |   4 | 1117.5 |
       Dungeon |   4470 |   4401 |     69 |    542 |   3069 |   4 | 1117.5 |
               +--------+--------+--------+--------+--------+-----+--------+

Top non-repeatable levels by time:
     D:3: 1840 daAuts
     D:1: 1483 daAuts
     D:2: 1107 daAuts
     D:4: 38 daAuts
